cohdb
Replays
Latest Replays
All Replays
Popular Replays
Top Player Replays
Match Explorer
How It Works
Community
CoH3 Stats
Reddit
Sign in to upload your games and track your stats! →
Sign in with Steam
Match 44876355
Unlisted
Match 44876355
Overview
Messages
Build Orders
End
Kettenkrad Recon Vehicle
Construct Infanterie Kompanie
MG 42 Machine Gun Team
Grenadier Squad
Grenadier Squad
Construct Luftwaffe Kompanie
221 Scout Car
Jäger Squad
Support Elements
Forward Retreat Point
Medical Bunker
Selects Terror Battlegroup
Selects Machine Gun Camouflage
Selects Interrogate
Selects Propaganda Leaflet Drop
Construct Panzer Kompanie
Pioneer Squad
Wirbelwind Flakpanzer
Selects V1 Rocket Strike
Panzer IV Medium Tank
ValiantHawk
AirborneAssassin
Deadly
YangXYZ
epic duck
Interloper
Obung
Projinx
0
0
Comments
sign in to comment!
No comments posted yet!